 Dungeon Crawl Stone Soup version 0.32-a0-779-g362cfcae2a (webtiles) character file.

Game seed: 4494815218968343728

2213 BigDaddyOpFi the Trooper (level 9, -1/64 (69) HPs)
             Began as a Coglin Fighter on Mar 19, 2024.
             Was a Believer of Beogh.
             Slain by a wight
             ... wielding a +4 long sword of freezing
              (10 damage)
             ... on level 5 of the Dungeon.
             The game lasted 00:06:06 (4669 turns).

BigDaddyOpFi the Trooper (Coglin Fighter)           Turns: 4669, Time: 00:06:07

HP:   -1/64 (69)    AC: 18    Str: 21    XL:     9   Next: 35%
MP:   12/12         EV:  7    Int:  7    God:    Beogh [**....]
Gold: 209           SH:  0    Dex: 14    Spells: 8/8 levels left

rFire   . . .        o - +4 hand axe (vamp) {Agustín}
rCold   . . .        b - +2 flail (protect) {Yan}
rNeg    . . .        f - +0 chain mail
rPois   .            (no helmet)
rElec   .            n - +0 cloak
rCorr   .            (no gloves)
SInv    .            (no boots)
Will    .....        (amulet unavailable) Stlth
                     (ring unavailable)
HPRegen 0.30/turn    (ring unavailable)
MPRegen 0.13/turn    (no gizmo)

%: no passive effects
@: under a protective aura, drained, revving
A: off-hand wielding, slow wielding, warmup strikes, no jewellery
a: Invent Gizmo, Renounce Religion, Smiting


You were on level 5 of the Dungeon.
You worshipped Beogh.
Beogh was pleased with you.
You visited 1 branch of the dungeon, and saw 6 of its levels.

You collected 209 gold pieces.

Inventory:

Hand Weapons
 a - a +0 war axe of draining {Doyun}
 b - a +2 flail of protection (offhand) {Yan}
 o - a +4 vampiric hand axe (weapon) {Agustín}
Armour
 c - a +0 buckler
 f - a +0 chain mail (worn)
 n - a +0 cloak (worn)
Wands
 i - a wand of paralysis (3)
Scrolls
 d - a scroll of identify
 e - a scroll of torment
 g - a scroll of vulnerability
 h - a scroll of butterflies
 j - 2 scrolls of enchant armour
 m - 2 scrolls of poison
 r - 2 scrolls of teleportation {unknown}
 s - a scroll of amnesia {unknown}
 t - a scroll of silence {unknown}
Potions
 k - 2 potions of brilliance
 l - a potion of lignification
 p - a potion of resistance {unknown}
 q - a potion of enlightenment {unknown}


   Skills:
 + Level 6.1 Fighting
 + Level 5.6 Axes
 + Level 5.5 Armour
 + Level 4.5 Shields
 * Level 4.7 Invocations


You had 8 spell levels left.
You didn't know any spells.
Your spell library contained the following spells:

 Spells                   Type           Power      Damage    Failure   Level
 Sandblast                Erth           0%         2d4       96%         1
 Ensorcelled Hibernation  Hex/Ice        0%         N/A       99%         2
 Passwall                 Erth           0%         N/A       100%        3
 Stone Arrow              Conj/Erth      0%         3d7       100%        3
 Swiftness                Air            0%         N/A       100%        3
 Tukima's Dance           Hex            0%         N/A       100%        3
 Brom's Barrelling Bould  Conj/Erth      0%         2d3       100%        4
 Passage of Golubria      Tloc           0%         N/A       100%        4
 Yara's Violent Unravell  Hex/Alch       0%         3d3       100%        5


Dungeon Overview and Level Annotations

Branches:
Dungeon (6/15)             Temple (0/1) D:4

Altars:
Hepliaklqana
Kikubaaqudgha
Sif Muna

Shops:
D:2 =


Innate Abilities, Weirdness & Mutations

Your facial features look somewhat orcish.
You can wield a second weapon in your off-hand.
It takes a long time for you to wield or remove held weapons.
Your first few attacks do less damage.
You cannot equip rings or amulets.


Message History

The wight is moderately damaged.
You hit the wight with your +4 vampiric hand axe.
You slash the wight with your +4 vampiric hand axe!
You hit the wight with your +2 flail of protection.
Your weapon exudes an aura of protection.
The wight hits you with a +6 mace.
You feel drained. The wight hits you but does no damage.
The wight barely misses you.
You barely miss the wight with your +4 vampiric hand axe.
The wight is heavily damaged.
You hit the wight with your +4 vampiric hand axe. x2
You hit the wight but do no damage. The wight hits you but does no damage.
The wight hits you with a +4 long sword of freezing!
The wight freezes you. The wight closely misses you.
Okay, then.
Okay, then.
You slash the wight with your +4 vampiric hand axe!
You destroy the wight!
Beogh accepts your kill.
You closely miss the wight with your +4 vampiric hand axe.
You barely miss the wight with your +4 vampiric hand axe.
The wight barely misses you.
The wight hits you with a +4 long sword of freezing.
* * * LOW HITPOINT WARNING * * *
The wight freezes you.
* * * LOW HITPOINT WARNING * * *
Unknown command.
Okay, then.
You thump the wight with your +2 flail of protection!
The wight is almost destroyed.
You hit the wight with your +4 vampiric hand axe.
You destroy the wight!
Beogh accepts your kill.
You can now smite your foes.
Your teeth grow more tusk-like, and your ears lengthen.
You hit the wight but do no damage.
The wight hits you with a +4 long sword of freezing.
* * * LOW HITPOINT WARNING * * *
The wight freezes you.
* * * LOW HITPOINT WARNING * * *
The wight hits you with a +4 long sword of freezing!
You die...

##### #...##################
#...##)z.............##
#.....@)...............
#......................
#......................
########.......#.#............
#......'.......#...........###
##.#####...#...#.....#........
#.# ####+###+##.....#..(.....
#.# #.............###........
#.# #........................


You could see a wight.

Vanquished Creatures
  Pikel (D:4)
  Sigmund (D:4)
  Eustachio (D:4)
  A wyvern (D:5)
  An ice beast (D:5)
  2 ogres (D:5)
  2 lemures (D:4)
  Blork the orc (D:5)
  3 scorpions
  3 wights (D:5)
  A burial acolyte (D:5)
  2 bombardier beetles
  A hound (D:5)
  An orc priest (D:5)
  A sleepcap (D:4)
  Crazy Yiuf (D:4)
  4 iguanas
  Jessica (D:3)
  7 orc wizards
  A hound zombie (D:5)
  5 adders
  2 shadow imps (D:5)
  A white imp (D:4)
  2 adder zombies (D:5)
  5 dart slugs
  A ribbon worm (D:3)
  11 orcs
  10 endoplasms
  2 giant cockroaches
  2 gnoll zombies (D:5)
  11 goblins
  5 hobgoblins
  5 jackals
  2 quokkas (D:2)
  5 ball pythons
  7 bats
  6 frilled lizards
  4 kobolds
  2 kobold zombies (D:5)
  2 rats
126 creatures vanquished.

Vanquished Creatures (others)
  An orc (D:5)
1 creature vanquished.

Grand Total: 127 creatures vanquished

Notes
Turn   | Place    | Note
-------+----------+-------------------------------------------
     0 | D:1      | BigDaddyOpFi the Coglin Fighter began the quest for the
                  | Orb.
     0 | D:1      | Reached XP level 1. HP: 18/18 MP: 1/1
    27 | D:1      | Reached XP level 2. HP: 19/24 MP: 2/2
   317 | D:1      | Found a faded altar of an unknown god.
   704 | D:1      | Reached XP level 3. HP: 12/29 MP: 3/3
  1310 | D:2      | Found Deuddegi's Jewellery Emporium.
  1449 | D:2      | Reached XP level 4. HP: 35/35 MP: 4/4
  1935 | D:3      | Noticed Jessica
  1954 | D:3      | Killed Jessica
  2179 | D:3      | Noticed a scorpion
  2185 | D:3      | Killed a scorpion
  2186 | D:3      | Reached XP level 5. HP: 39/42 MP: 5/5
  2243 | D:3      | Became a worshipper of Beogh the Shepherd
  2521 | D:3      | Reached skill level 4 in Fighting
  2675 | D:4      | Noticed Sigmund
  2682 | D:4      | Killed Sigmund
  2683 | D:4      | Reached XP level 6. HP: 49/49 MP: 6/6
  2705 | D:4      | Found a staircase to the Ecumenical Temple.
  2779 | D:4      | Found a hazy altar of Hepliaklqana.
  2780 | D:4      | Noticed Eustachio
  2794 | D:4      | Killed Eustachio
  2795 | D:4      | Reached skill level 1 in Invocations
  2795 | D:4      | Reached XP level 7. HP: 44/55 MP: 6/8
  3064 | D:4      | Found a shimmering blue altar of Sif Muna.
  3169 | D:4      | Noticed Pikel
  3190 | D:4      | Killed Pikel
  3191 | D:4      | Reached skill level 5 in Fighting
  3191 | D:4      | Reached XP level 8. HP: 62/62 MP: 8/10
  3372 | D:4      | Found a runed translucent door.
  3373 | D:4      | Noticed Crazy Yiuf
  3378 | D:4      | Killed Crazy Yiuf
  3418 | D:5      | Entered Level 5 of the Dungeon
  3491 | D:5      | Noticed Blork the orc
  3500 | D:5      | Killed Blork the orc
  3500 | D:5      | Reached * piety under Beogh
  3592 | D:5      | Reached skill level 5 in Armour
  3618 | D:5      | Found an ancient bone altar of Kikubaaqudgha.
  3624 | D:5      | Reached skill level 5 in Axes
  3747 | D:5      | Noticed a wyvern
  3752 | D:5      | Killed a wyvern
  3806 | D:5      | Reached XP level 9. HP: 69/69 MP: 10/12
  4169 | D:5      | Reached skill level 6 in Fighting
  4669 | D:5      | Reached ** piety under Beogh
  4669 | D:5      | Slain by a wight

Illustrated notes

Levels and vault maps discovered:
D:1:      wander_arrival_chamber, layout_loops_ring,
          shapermc_ecumenical_altar_mp_vishouse, serial_glass, glass_columns_c,
          glass_columns_a, glass_columns_c, glass_columns_a, glass_columns_a,
          glass_columns_c, glass_columns_b, glass_columns_a, glass_columns_a,
          glass_columns_c, due_unseen_surprise, feat_on_display,
          minmay_strange_pillars, feat_on_display, minmay_tromino_v7
D:2:      layout_basic, serial_shops, shop
D:3:      layout_basic, uniq_jessica
D:4:      layout_loops_ring, nicolae_hepliaklqana_hazy_memory,
          marbit_many_paths, minmay_temple_entry_overgrown, uniq_sigmund,
          uniq_crazy_yiuf_cottage, uniq_pikel, uniq_eustachio
D:5:      minmay_evil_eye, layout_basic,
          regret_index_kikubaaqudgha_part_by_part, minmay_misc_feat_tiny,
          minmay_statues_item, chequers_serial_rivers_room_a, uniq_blork_the_orc
D:6:      layout_loops_corners, serial_shops, kennysheep_mini, uniq_grinder,
          uniq_edmund

Skill      XL: |  1  2  3  4  5  6  7  8  9 |
---------------+----------------------------+-----
Armour         | 3 4 5 |  5.5
Axes           | 3 4 5 |  5.6
Fighting       | 4 5 6 |  6.1
Shields        | 3 4 |  4.5
Invocations    | 1 3 4 |  4.7

Action                     |  1- 3 |  4- 6 |  7- 9 || total
---------------------------+-------+-------+-------++-------
  Melee: War axe           |   111 |    78 |    49 ||   238
         Flail             |       |    26 |   130 ||   156
         Hand axe          |       |       |    82 ||    82
 Invoke: Convert to Beogh  |       |     1 |       ||     1
    Use: Scroll            |     2 |     1 |     3 ||     6
         Potion            |       |     6 |     2 ||     8
 Armour: Scale mail        |    11 |       |       ||    11
         Chain mail        |    90 |    73 |   145 ||   308
         Skin              |       |     2 |       ||     2
  Dodge: Dodged            |    44 |    24 |    44 ||   112
  Block: Buckler           |    28 |    16 |       ||    44

Table legend: (Time is in decaauts)
 A = Elapsed time spent in this place.
 B = Non-inter-level travel time spent in this place.
 C = Inter-level travel time spent in this place.
 D = Time resting spent in this place.
 E = Time spent auto-exploring this place.
 F = Levels seen in this place.
 G = Mean time per level.
                   A        B        C        D        E       F      G
               +--------+--------+--------+--------+--------+-----+--------+
         Total |   4749 |   4654 |     95 |    400 |   3317 |   6 |  791.5 |
       Dungeon |   4749 |   4654 |     95 |    400 |   3317 |   6 |  791.5 |
               +--------+--------+--------+--------+--------+-----+--------+

Top non-repeatable levels by time:
     D:5: 1266 daAuts
     D:1: 1071 daAuts
     D:3: 927 daAuts
     D:4: 754 daAuts
     D:2: 725 daAuts
     D:6: 4 daAuts
